 Dungeon Crawl Stone Soup version 0.30.1-9-gdf580d7c3d (webtiles) character file.

Game seed: 5191919941693570071

30538 Babbit the Bludgeoner (level 13, -1/117 HPs)
             Began as a Minotaur Fighter on Sept 21, 2023.
             Was the Champion of Okawaru.
             Slain by a five-headed hydra simulacrum (27 damage)
             ... on level 3 of the Lair of Beasts on Sept 25, 2023.
             The game lasted 00:57:34 (12547 turns).

Babbit the Bludgeoner (Minotaur Fighter)           Turns: 12547, Time: 00:57:35

Health: -1/117     AC: 19    Str: 26    XL:     13   Next: 21%
Magic:  0/12       EV: 13    Int: 10    God:    Okawaru [******]
Gold:   2324       SH:  7    Dex: 16    Spells: 12/12 levels left

rFire   + . .        s - +11 mace "Zoabuov" {distort, Fly}
rCold   . . .        c - +0 buckler
rNeg    . . .        N - +4 chain mail
rPois   .            (helmet restricted)
rElec   .            (no cloak)
rCorr   +            n - +0 pair of gloves "Qyf Saoth" {rCorr Int+5 Dex+6}
SInv    .            A - +0 pair of boots
Will    .....        u - amulet of guardian spirit
Stlth   x              - ring of protection from fire
HPRegen 0.39/turn    w - +4 ring of slaying
MPRegen 0.13/turn

%: guardian spirit
@: flying, studying 2 skills
A: horns 2, retaliatory headbutt
a: Renounce Religion, Heroism, Finesse, Duel


You were on level 3 of the Lair of Beasts.
You worshipped Okawaru.
Okawaru was exalted by your worship.
You visited 2 branches of the dungeon, and saw 15 of its levels.
You also visited: Ossuary.

You collected 2324 gold pieces.

Inventory:

Hand Weapons
 a - a +1 war axe
 s - the +11 mace "Zoabuov" (weapon) {distort, Fly}
   (You found it on level 3 of the Dungeon)

   Fly:       It grants you flight.
 I - a +2 scimitar of flaming
Missiles
 F - a throwing net
 L - 4 javelins (quivered)
Armour
 c - a +0 buckler (worn)
 n - the +0 pair of gloves "Qyf Saoth" (worn) {rCorr Int+5 Dex+6}
   (Okawaru gifted it to you on level 1 of the Lair of Beasts)

   Int:       It affects your intelligence (+5).
   Dex:       It affects your dexterity (+6).
   rCorr:     It protects you from acid and corrosion.
 A - a +0 pair of boots (worn)
 G - a +2 ring mail of positive energy
 N - a +4 chain mail (worn)
Jewellery
 u - an amulet of guardian spirit (around neck)
 w - a +4 ring of slaying (right hand)
 x - a ring of protection from fire (left hand)
 y - a ring of protection from cold
 E - a +6 ring of dexterity
 J - a ring of see invisible
Wands
 k - a wand of paralysis (2)
 r - a wand of polymorph (5)
Scrolls
 e - 4 scrolls of poison {unknown}
 h - 9 scrolls of teleportation
 m - 3 scrolls of noise {unknown}
 o - 2 scrolls of torment {unknown}
 t - 2 scrolls of fear
 z - a scroll of brand weapon {unknown}
 B - 4 scrolls of blinking {unknown}
 D - 2 scrolls of summoning {unknown}
 H - a scroll of magic mapping {unknown}
 K - a scroll of enchant armour {unknown}
Potions
 b - a potion of cancellation
 d - 2 potions of might
 f - a potion of invisibility
 g - 2 potions of berserk rage
 i - a potion of resistance {unknown}
 j - 3 potions of brilliance
 l - 5 potions of heal wounds
 p - 2 potions of haste
 q - 8 potions of curing
 v - 2 potions of lignification
 C - 3 potions of magic
 M - a potion of flight


   Skills:
 + Level 11.9 Fighting
 + Level 6.0(13.2) Axes
 + Level 18.1(18.5) Maces & Flails
 + Level 2.4 Throwing
 + Level 13.1 Armour
 + Level 8.7 Dodging
 + Level 2.9 Stealth
 + Level 9.8 Shields
 + Level 0.1 Invocations


You had 12 spell levels left.
You didn't know any spells.
Your spell library contained the following spells:

 Spells                   Type           Power      Damage    Failure   Level
 Magic Dart               Conj           0%         1d3       83%         1
 Necrotise                Necr           0%         1d4       83%         1
 Sting                    Tmut/Pois      0%         1d3       83%         1
 Cigotuvi's Dreadful Rot  Necr/Pois/Air  0%         N/A       92%         2
 Poisonous Vapours        Pois/Air       0%         N/A       92%         2
 Searing Ray              Conj           0%         2d4       92%         2
 Static Discharge         Conj/Air       0%         2-2/arc   92%         2
 Confusing Touch          Hex            0%         N/A       99%         3
 Mephitic Cloud           Conj/Pois/Air  0%         N/A       99%         3
 Vampiric Draining        Necr           0%         2d6       99%         3
 Vhi's Electric Charge    Tloc/Air       0%         N/A       99%         3
 Airstrike                Air            0%         2d(0-16)  100%        4
 Cause Fear               Hex            0%         N/A       100%        4
 Dispel Undead            Necr           0%         3d6       100%        4
 Flame Wave               Conj/Fire      0%         2d4       100%        4
 Fulminant Prism          Conj/Hex       0%         3d5       100%        4
 Olgreb's Toxic Radiance  Pois           0%         N/A       100%        4
 Sticky Flame             Conj/Fire      0%         2d3       100%        4
 Agony                    Necr           0%         N/A       100%        5
 Freezing Cloud           Conj/Ice/Air   0%         6-21      100%        5
 Enfeeble                 Hex            0%         N/A       100%        7
 Summon Lightning Spire   Summ/Air       Unusable   N/A       N/A         4
 Death Channel            Necr           Unusable   N/A       N/A         6

Dungeon Overview and Level Annotations

Branches:
Dungeon (12/15)            Temple (0/1) D:7            Lair (3/5) D:9
  Swamp (0/4) Lair:2        Snake (0/4) Lair:3      Ossuary (visited)
    Orc: D:9-12

Altars:
Cheibriados
Elyvilon
Gozag
Makhleb
Okawaru
Sif Muna
Trog
Uskayaw
Vehumet
Xom
Yredelemnul
The Shining One

Shops:
D:3 (

Annotations:
D:9 1 runed translucent door, bairyn's ghost, novice DESu
Lair:3 exclusion: oklob plant, laqueoix's ghost, journeyman DsGl
Abyss:1 riellis1's ghost, journeyman FoFi


Innate Abilities, Weirdness & Mutations

You have a pair of horns on your head.
You reflexively headbutt those who attack you in melee.


Message History

You thump the rime drake!
Space warps horribly around the rime drake!
You kill the rime drake!
Okawaru accepts your kill. Okawaru grants you a weapon!
Something appears at your feet!
You see here a +0 flail of holy wrath.
You start resting.
A rime drake comes into view.
The ice encasing you melts away. You block the rime drake's attack.
You thump the rime drake!
Space warps horribly around the rime drake!
The rime drake is severely wounded.
Okay, then.
You are too injured to fight recklessly!
You sock the rime drake!
You kill the rime drake!
Okawaru accepts your kill.
You block the black mamba simulacrum's attack.
A rime drake simulacrum comes into view.
You sock the black mamba simulacrum!
Space warps around the black mamba simulacrum!
The black mamba simulacrum vaporises!
Okawaru accepts your kill.
The rime drake simulacrum closely misses you.
You see here a rime drake corpse.
You hit the rime drake simulacrum.
Space warps horribly around the rime drake simulacrum!
The rime drake simulacrum vaporises!
Okawaru accepts your kill.
You start resting.
A five-headed hydra simulacrum comes into view.
The five-headed hydra simulacrum bites you.
The five-headed hydra simulacrum freezes you!!
* * * LOW HITPOINT WARNING * * *
The five-headed hydra simulacrum bites you but does no damage.
The five-headed hydra simulacrum bites you.
* * * LOW HITPOINT WARNING * * *
The five-headed hydra simulacrum freezes you!!
You die...

#####.###..## ##....##.#..
#####...########.....###..
####..P#.....................
............####..#####......
..........###..## #...##.....
.........##.....W ....#.....
.........#...... #..##....
.........##.Z# #..#....
###...#...#.@# #..#.##P
#####P..#..## #..#.###
#...#.).### #..##....
##..##†...####...#.....
#....#..........##.....
#....##.........#......
##....##.......##...##.
##.....###'''###...#..#
#......................


You could see a five-headed hydra simulacrum.

Vanquished Creatures
  3 hydras
  Erica (D:8)
  A centaur warrior (D:11)
  2 boulder beetles
  A black mamba (Lair:2)
  10 cane toads
  A gargoyle (D:11)
  2 komodo dragons (Lair:1)
  5 rime drakes
  6 trolls
  15 blink frogs
  A slime creature (D:10)
  A wraith (D:9)
  35 yaks
  A vampire (D:10)
  2 wyverns
  2 basilisks
  A death yak simulacrum (Lair:3)
  3 nagas (Lair:3)
  7 water moccasins
  2 acid dragons (D:10)
  A hydra simulacrum (Lair:3)
  3 ice beasts
  3 black bears
  3 wolves (Lair:2)
  A sky beast (D:7)
  3 orc warriors
  A black mamba simulacrum (Lair:3)
  3 centaurs
  2 phantoms
  4 kobold brigands
  7 bullfrogs
  4 scorpions
  3 gnoll sergeants (D:7)
  4 wights (D:8)
  A water moccasin zombie (Ossuary)
  17 killer bees
  2 lindwurm simulacra (Lair:3)
  An electric eel (Lair:1)
  A rime drake simulacrum (Lair:3)
  5 howler monkeys
  2 hounds
  3 jellies
  11 orc priests
  3 gnoll boudas
  2 sleepcaps
  3 iguanas
  13 orc wizards
  2 mummies (Ossuary)
  26 gnolls
  12 adders
  2 white imps
  2 ufetubi
  4 adder zombies (Ossuary)
  2 worms
  3 dart slugs
  37 orcs
  8 bats
  13 endoplasms
  3 giant cockroaches
  6 gnoll zombies (Ossuary)
  8 hobgoblins
  29 kobolds
  6 quokkas
  4 ball pythons (D:1)
  6 frilled lizards
  3 goblins (D:3)
  2 hobgoblin zombies (Ossuary)
  5 kobold zombies (Ossuary)
  8 orc zombies (Ossuary)
  5 rats
  A butterfly (Lair:1)
405 creatures vanquished.

Notes
Turn   | Place    | Note
-------+----------+-------------------------------------------
     0 | D:1      | Babbit the Minotaur Fighter began the quest for the Orb.
     0 | D:1      | Reached XP level 1. HP: 19/19 MP: 0/0
   147 | D:1      | Reached XP level 2. HP: 14/27 MP: 1/1
   363 | D:1      | Reached XP level 3. HP: 33/33 MP: 2/2
   769 | D:2      | Found a radiant altar of Vehumet.
   786 | D:2      | Reached XP level 4. HP: 40/40 MP: 3/3
   916 | D:2      | Reached skill level 1 in Dodging
   916 | D:2      | Reached XP level 5. HP: 39/47 MP: 4/4
  1473 | D:3      | Found a burning altar of Makhleb.
  1593 | D:3      | Found a white marble altar of Elyvilon.
  1594 | D:3      | Found an opulent altar of Gozag.
  1688 | D:3      | Found Onidaj's Weapon Boutique.
  1774 | D:3      | Identified the +11 mace "Zoabuov" {distort, Fly}
  2000 | D:3      | Found a faded altar of an unknown god.
  2173 | D:4      | Reached XP level 6. HP: 51/53 MP: 5/5
  2225 | D:4      | Found a snail-covered altar of Cheibriados.
  2233 | D:4      | Reached skill level 1 in Maces & Flails
  2233 | D:4      | Reached skill level 5 in Armour
  2240 | D:4      | Reached skill level 5 in Axes
  2350 | D:4      | Reached skill level 2 in Maces & Flails
  2470 | D:4      | Reached XP level 7. HP: 52/60 MP: 6/6
  2471 | D:4      | Reached skill level 5 in Shields
  2522 | D:4      | Reached skill level 3 in Maces & Flails
  2653 | D:4      | Found a shimmering blue altar of Sif Muna.
  2653 | D:4      | Found a hide-covered altar of Uskayaw.
  2807 | D:5      | Entered Level 5 of the Dungeon
  2870 | D:5      | Reached skill level 5 in Fighting
  2885 | D:5      | Reached skill level 4 in Maces & Flails
  3023 | D:5      | Reached skill level 5 in Maces & Flails
  3036 | D:5      | Found a sand-covered staircase.
  3041 | Ossuary  | Entered an ossuary
  3116 | Ossuary  | Reached XP level 8. HP: 68/68 MP: 7/7
  3437 | D:6      | Reached skill level 6 in Maces & Flails
  3566 | D:6      | Reached skill level 7 in Maces & Flails
  3915 | D:6      | Found an iron altar of Okawaru.
  3923 | D:6      | Became a worshipper of Warmaster Okawaru
  3966 | D:7      | Upgraded the game from 0.30.1-6-gbe392663c4 to
                  | 0.30.1-9-gdf580d7c3d
  4086 | D:7      | Found a basalt altar of Yredelemnul.
  4152 | D:7      | Found a staircase to the Ecumenical Temple.
  4168 | D:7      | Reached skill level 8 in Maces & Flails
  4290 | D:7      | Reached XP level 9. HP: 74/75 MP: 8/8
  4696 | D:7      | Reached * piety under Okawaru
  5078 | D:7      | Reached skill level 1 in Stealth
  5125 | D:7      | Reached skill level 9 in Maces & Flails
  5340 | D:8      | Noticed Erica
  5349 | D:8      | Killed Erica
  5349 | D:8      | Reached ** piety under Okawaru
  5665 | D:8      | Reached skill level 10 in Maces & Flails
  6167 | D:8      | Reached XP level 10. HP: 83/86 MP: 9/9
  6786 | D:9      | Noticed a fire crab
  6799 | D:9      | Found a staircase to the Lair.
  6853 | D:9      | Banished a fire crab
  6922 | D:9      | Identified a scroll of acquirement
  6923 | D:9      | Acquired a manual of Maces & Flails
  6993 | D:9      | Found a glowing golden altar of the Shining One.
  7062 | D:9      | Noticed a boulder beetle
  7077 | D:9      | Reached skill level 11 in Maces & Flails
  7077 | D:9      | Killed a boulder beetle
  7077 | D:9      | Reached *** piety under Okawaru
  7078 | D:9      | Reached skill level 5 in Dodging
  7183 | D:9      | Found a snail-covered altar of Cheibriados.
  7183 | D:9      | Noticed a cyclops
  7186 | D:9      | Banished a cyclops
  7427 | D:9      | Found a bloodstained altar of Trog.
  7436 | D:9      | Reached skill level 12 in Maces & Flails
  7537 | D:9      | Found a runed translucent door.
  7537 | D:9      | Found a shimmering altar of Xom.
  7537 | D:9      | Noticed a +0 trident of chaos
  7537 | D:9      | Noticed bairyn's ghost (novice DESu)
  7562 | D:9      | Reached skill level 13 in Maces & Flails
  7764 | D:9      | Reached **** piety under Okawaru
  7770 | D:9      | Reached XP level 11. HP: 69/95 MP: 10/10
  7912 | D:9      | Reached skill level 14 in Maces & Flails
  8312 | D:10     | Entered Level 10 of the Dungeon
  8343 | D:10     | Noticed a seven-headed hydra
  8482 | D:10     | Reached ***** piety under Okawaru
  8655 | D:10     | Noticed riellis1's ghost (journeyman FoFi)
  8681 | D:10     | You are sucked into a shaft and drop 2 floors!
  8734 | D:11     | Noticed a centaur warrior
  8744 | D:11     | Killed a centaur warrior
  8745 | D:11     | Reached skill level 15 in Maces & Flails
  8745 | D:11     | Reached skill level 1 in Throwing
  8969 | D:10     | Found a transporter.
  8974 | D:10     | Noticed a boulder beetle
  9173 | D:10     | Found a transporter.
  9253 | D:11     | Noticed a catoblepas
  9278 | Lair:1   | Entered Level 1 of the Lair of Beasts
  9294 | Lair:1   | Reached skill level 10 in Armour
  9819 | Lair:1   | Reached skill level 16 in Maces & Flails
  9886 | Lair:1   | Identified the +0 pair of gloves "Qyf Saoth" {rCorr Int+5
                  | Dex+6} (Okawaru gifted it to you on level 1 of the Lair of
                  | Beasts)
  9886 | Lair:1   | Received a gift from Okawaru
 10074 | Lair:1   | Reached XP level 12. HP: 106/106 MP: 11/11
 10632 | D:10     | Banished riellis1's ghost
 10638 | D:10     | Reached skill level 10 in Fighting
 10651 | D:10     | Killed a boulder beetle
 10687 | D:10     | Killed a seven-headed hydra
 10698 | D:10     | Got the Directory of Floating Blows
 10936 | Lair:2   | Reached skill level 17 in Maces & Flails
 11316 | Lair:2   | Noticed a seven-headed hydra
 11323 | Lair:2   | Killed a seven-headed hydra
 11390 | Lair:2   | Found a staircase to the Swamp.
 11550 | Lair:2   | Reached ****** piety under Okawaru
 11695 | Lair:2   | Got the Monograph on Cursed Impulse
 11918 | Lair:3   | Acquired 1247 gold pieces
 11935 | Lair:3   | Found a staircase to the Snake Pit.
 12093 | Lair:3   | Found a runed translucent gate.
 12093 | Lair:3   | Found a runed translucent gate.
 12093 | Lair:3   | Found a runed translucent gate.
 12162 | Lair:3   | Reached XP level 13. HP: 116/116 MP: 12/12
 12181 | Lair:3   | Reached skill level 18 in Maces & Flails
 12490 | Lair:3   | Noticed laqueoix's ghost (journeyman DsGl)
 12530 | Lair:3   | Received a gift from Okawaru
 12547 | Lair:3   | Slain by a five-headed hydra simulacrum

Illustrated notes

Levels and vault maps discovered:
D:1:      amcnicky_arrival_abandoned_market, layout_rooms
D:2:      cheibrodos_fertilizer, layout_loops_ring, basic_altar
D:3:      layout_basic, bloody_makhleb, minitemple, serial_shops, shop,
          chequers_ecumenical_altar_lobes, chequers_serial_rivers_micro_e,
          minmay_cupped
D:4:      cheibrodos_helix_gallery, layout_loops_cross,
          mainiacjoe_overflow_chevrons, gammafunk_temple_overflow_elements
D:5:      layout_rooms, enter_ossuary_5, minmay_strange_pillars
D:6:      layout_cave_pools, mainiacjoe_overflow_cross_hatched, abandoned_shop
D:7:      layout_basic, mainiacjoe_overflow_surrounded_room, temple_fountains,
          chequers_serial_rivers_large_a
D:8:      layout_layer_cave, minmay_misc_feat_five, uniq_erica
D:9:      layout_loops_corners, nicolae_tso_swordbearing_angel,
          mainiacjoe_overflow_six_doors_small, minmay_lair_entry_lava,
          ebering_ghost_xom, minmay_ruined_shrine
D:10:     layout_rooms, nzn_ghost_randoct
D:11:     nzn_motion_control, layout_loops_ring, moated_statue, uniq_fannar
D:12:     layout_gridville, erik_orc_4, uniq_snorg
Lair:1:   layout_chaotic_city, serial_bayou_shore_a, lemuel_fruit_fields
Lair:2:   layout_big_grid, swamp_mist, grunt_forest_small_clearings,
          st_stairs_9, grunt_megastairs_4
Lair:3:   layout_regular_city, guppyfry_snake_entry_island, gammafunk_ghost_icy,
          dpeg_stationary_puzzle

Skill      XL: |  1  2  3  4  5  6  7  8  9 10 11 12 13 |
---------------+----------------------------------------+-----
Fighting       | 4 5 6 7 8 9 11 | 11.9
Shields        | 4 5 6 7 9 |  9.8
Armour         | 4 5 6 7 8 9 11 12 13 | 13.1
Axes           | 3 4 5 6 |  6.0
Dodging        | 1 2 4 6 7 8 |  8.7
Maces & Flails | 2 5 8 10 13 16 17 18 | 18.1
Stealth        | 1 2 |  2.9
Throwing       | 1 2 |  2.4
Invocations    | |  0.1

Action                     |  1- 3 |  4- 6 |  7- 9 | 10-12 | 13-15 || total
---------------------------+-------+-------+-------+-------+-------++-------
  Melee: War axe           |    71 |    70 |       |       |       ||   141
         Headbutt          |     9 |    10 |    27 |    62 |     7 ||   115
         Mace              |       |    39 |   248 |   354 |    48 ||   689
  Throw: Throwing net      |       |       |       |     2 |       ||     2
         Boomerang         |       |       |       |     1 |       ||     1
         Javelin           |       |       |       |     8 |       ||     8
         Dart              |       |       |       |     1 |       ||     1
 Invoke: Heroism           |       |       |       |     1 |       ||     1
    Use: Scroll            |       |     1 |    15 |     7 |       ||    23
         Potion            |       |       |     2 |       |       ||     2
 Armour: Scale mail        |    34 |    46 |    50 |       |       ||   130
         Ring mail         |       |       |    40 |    33 |       ||    73
         Chain mail        |       |       |       |    74 |    11 ||    85
  Dodge: Dodged            |    31 |    56 |   131 |   129 |    21 ||   368
  Block: Buckler           |    20 |    21 |    42 |    81 |    11 ||   175
